Map: King's Cove LE

Players

Kas - Winner!

  • Race: Terran Terran
  • Spawn Location: 11:00

Souleer

  • Race: Zerg Zerg
  • Spawn Location: 5:00

Event: IEM Season 13: Katowice (2019)

VOD

Have the link to the VOD?

Description

Time

  • Played on: Feb. 26, 2019, 10:41 a.m.
  • Length: 14:21

All games in this series

Show
View Real Time Build Order
Export as new Build Order

Kas Terran - Winner!

Build Orders: Gas First Reaper Expand, Hellion Banshee 

Get SALT Encoding   

  12  0:00  SCV  
  13  0:13  SCV  
  14  0:17  Supply Depot  
  14  0:25  SCV  
  15  0:30  Refinery  
  15  0:39  SCV  
  16  0:45  Barracks  
  16  0:51  SCV  
  17  1:03  SCV  
  18  1:15  SCV  
  19  1:31  Orbital Command  
  19  1:33  Reaper  
  20  1:43  Command Center  
  20  1:53  Factory  
  20  1:57  SCV  
  21  2:06  Supply Depot  
  21  2:08  Barracks Reactor  
  21  2:11  SCV  
  22  2:16  Refinery  
  22  2:23  SCV  
  23  2:35  SCV  
  24  2:43  Starport  
  24  2:47  SCV  
  24  2:49  Hellion x2  
  28  2:56  Marine  
  29  3:00  SCV  
  30  3:19  Barracks Tech Lab  
  30  3:28  Viking  
  30  3:29  Orbital Command, Hellion x2  
  35  3:38  Bunker  
  35  3:43  Marauder  
  37  3:59  Hellion  
  41  4:04  Marine  
  31  4:18  Hellion  
  28  4:26  SCV  
  28  4:27  SCV  
  29  4:31  Banshee, Cloaking Field  
  32  4:38  SCV  
  32  4:39  Barracks Reactor, SCV  
  32  4:40  Hellion  
  36  4:50  SCV, Supply Depot  
  36  4:51  SCV  
  38  5:01  Hellion  
  38  5:03  SCV x2  
  40  5:14  Banshee  
  40  5:15  SCV x2  
  45  5:25  Command Center  
  45  5:27  SCV  
  46  5:28  SCV  
  47  5:39  SCV  
  47  5:40  SCV, Supply Depot  
  49  5:49  Liberator  
  53  5:50  Hellion x2  
  53  5:51  SCV  
  54  5:57  Supply Depot  
  54  6:01  SCV  
  54  6:03  SCV  
  56  6:10  Armory, Marine  
  60  6:13  SCV  
  60  6:14  Bunker  
  60  6:15  SCV  
  62  6:19  Hellion x2, Bunker  
  66  6:29  Marine  
  62  6:43  Hellion x2  
  36  7:04  Hellion  
  36  7:08  SCV  
  33  7:15  SCV  
  33  7:16  Banshee  
  33  7:17  SCV  
  33  7:19  Hellion  
  33  7:21  SCV  
  35  7:27  Barracks Reactor, SCV  
  36  7:33  SCV  
  37  7:40  Hellion  
  37  7:44  SCV  
  35  7:52  Refinery  
  35  7:56  Liberator  
  35  8:02  Hellion  
  35  8:07  Barracks Reactor  
  35  8:11  SCV  
  32  8:13  SCV  
  32  8:18  SCV  
  36  8:23  SCV, Hellion  
  36  8:27  SCV  
  39  8:30  Terran Vehicle And Ship Armor Level 1  
  39  8:32  Orbital Command  
  39  8:35  SCV  
  39  8:39  SCV  
  41  8:44  Hellion  
  41  8:47  SCV  
  44  8:51  SCV  
  45  8:59  SCV  
  45  9:01  Refinery  
  46  9:03  SCV x2  
  48  9:11  SCV  
  48  9:15  Viking, SCV x2, Hellion  
  48  9:23  SCV  
  44  9:27  SCV x2  
  42  9:40  SCV x2  
  43  9:46  Hellion x2  
  43  9:51  SCV  
  48  9:54  SCV x2  
  50  10:04  SCV  
  50  10:06  SCV  
  52  10:07  Factory, Hellion  
  52  10:08  Hellion  
  52  10:12  SCV  
  54  10:24  SCV  
  54  10:26  SCV x2  
  57  10:32  Hellion x2  
  61  10:36  SCV  
  61  10:37  Factory  
  61  10:38  SCV x2  
  63  10:48  SCV  
  64  10:50  SCV x2  
  64  10:52  Factory Tech Lab  
  64  10:54  Hellion  
  64  10:56  Supply Depot  
  68  11:00  SCV  
  68  11:02  SCV x2  
  68  11:11  Engineering Bay  
  68  11:12  Cyclone  
  68  11:13  SCV  
  68  11:14  SCV x2  
  74  11:21  Hellion x2  
  74  11:23  Factory Tech Lab  
  74  11:25  SCV, Hellion x7  
  79  11:26  SCV x2, Supply Depot  
  79  11:31  Terran Vehicle And Ship Armor Level 2  
  81  11:34  Mag-Field Accelerator  
  81  11:37  SCV  
  81  11:38  SCV x2  
  84  11:47  Cyclone  
  84  11:49  SCV  
  84  11:50  Cyclone  
  84  11:51  SCV  
  92  12:01  SCV  
  92  12:05  Supply Depot  
  92  12:06  Supply Depot  
  92  12:07  Missile Turret, Supply Depot  
  96  12:08  SCV, Hellion  
  96  12:09  Missile Turret  
  96  12:14  SCV  
  93  12:16  Hellion  
  93  12:20  Cyclone  
  101  12:26  SCV  
  101  12:27  Siege Tank, Refinery x2  
  104  12:30  Hellion  
  104  12:35  Factory  
  104  12:37  Factory  
  104  12:40  Hellion  
  106  12:47  SCV  
  106  12:48  Supply Depot  
  106  12:50  SCV  
  105  12:54  Siege Tank  
  105  12:55  Hellion  
  110  13:00  SCV x2  
  110  13:04  Hellion  
  114  13:07  Supply Depot  
  114  13:09  SCV  
  114  13:26  Siege Tank  
  114  13:34  Siege Tank  
  114  13:36  Hellion x3  
  114  13:37  Factory Tech Lab  
  107  14:00  Hellion  
Show
View Real Time Build Order
Export as new Build Order

Souleer Zerg 

Build Orders: Pool First, Roach Nydus 

Get SALT Encoding   

  12  0:00  Drone  
  13  0:13  Overlord  
  13  0:17  Drone  
  14  0:31  Drone x2  
  16  0:41  Spawning Pool  
  15  0:45  Drone  
  15  0:49  Drone  
  17  1:01  Extractor  
  16  1:13  Hatchery  
  15  1:28  Zergling x6  
  18  1:35  Queen  
  20  1:43  Overlord  
  20  1:51  Drone  
  21  2:03  Roach Warren  
  21  2:04  Drone  
  21  2:13  Drone  
  22  2:45  Roach x5  
  22  2:48  Overlord  
  32  2:53  Drone  
  32  2:56  Drone  
  34  3:05  Overlord  
  33  3:10  Drone x2  
  34  3:19  Drone x2  
  35  3:20  Ravager  
  35  3:21  Ravager  
  35  3:24  Drone  
  38  3:31  Drone x2  
  38  3:34  Drone  
  41  3:38  Drone  
  42  3:43  Drone x2  
  44  3:49  Drone  
  44  3:55  Roach x2  
  49  4:08  Overlord  
  47  4:11  Lair, Overlord  
  47  4:23  Drone x2  
  44  4:25  Extractor  
  44  4:27  Extractor  
  44  4:28  Drone  
  44  4:29  Drone x2  
  40  4:31  Queen  
  42  4:40  Hatchery  
  42  4:43  Hatchery  
  41  4:50  Drone  
  41  4:51  Drone x2  
  44  4:56  Roach x2  
  49  5:00  Drone x3  
  51  5:13  Spore Crawler  
  48  5:16  Overlord  
  48  5:17  Queen  
  48  5:20  Nydus Network  
  50  5:23  Roach  
  50  5:25  Overlord  
  52  5:29  Overlord  
  52  5:38  Overlord  
  52  5:40  Overseer  
  52  5:44  Roach x2  
  52  5:46  Roach  
  52  5:48  Roach  
  60  5:50  Roach  
  60  5:53  Roach  
  64  5:59  Overlord  
  64  6:00  Roach  
  64  6:03  Overseer x2  
  65  6:11  Nydus Canal  
  60  6:18  Roach x2  
  59  6:44  Roach x2  
  59  6:45  Roach x2  
  60  6:50  Roach  
  58  7:01  Queen x2  
  51  7:08  Queen  
  49  7:21  Roach x4  
  51  7:33  Roach x2  
  51  7:47  Drone x2  
  53  7:54  Roach x2  
  53  7:55  Roach  
  57  8:01  Roach  
  59  8:09  Roach x2  
  55  8:16  Ravager  
  55  8:19  Roach x2  
  51  8:29  Nydus Canal  
  51  8:31  Roach x2  
  51  8:38  Roach  
  53  8:53  Nydus Canal  
  53  8:54  Roach x3  
  57  9:00  Roach  
  59  9:05  Roach  
  61  9:12  Drone x2  
  53  9:24  Drone x3  
  53  9:25  Drone  
  53  9:32  Ravager  
  53  9:36  Nydus Canal  
  53  9:37  Drone x3  
  53  9:40  Drone  
  52  9:50  Nydus Canal  
  45  9:55  Queen  
  47  10:02  Drone x5  
  52  10:12  Nydus Canal  
  50  10:14  Queen  
  52  10:23  Queen  
  54  10:31  Queen, Glial Reconstitution  
  54  10:40  Spore Crawler  
  49  10:44  Spore Crawler, Nydus Canal  
  48  10:50  Queen, Drone x2  
  53  10:58  Drone  
  53  10:59  Drone x3  
  53  11:02  Queen  
  58  11:10  Queen  
  60  11:14  Spore Crawler  
  60  11:15  Spore Crawler  
  59  11:22  Roach x4  
  67  11:26  Roach  
  67  11:30  Overseer  
  67  11:31  Spore Crawler  
  67  11:32  Roach  
  70  11:35  Roach  
  72  11:41  Roach  
  74  11:47  Overlord  
  72  11:55  Overlord  
  72  11:57  Roach  
  71  12:02  Roach  
  71  12:06  Overlord x2  
  71  12:07  Roach x4  
  81  12:13  Roach x2  
  80  12:24  Roach x3  
  86  12:30  Roach x2  
  90  12:38  Roach x3  
  90  12:42  Roach  
  96  12:47  Roach  
  97  12:52  Roach  
  97  12:56  Nydus Canal  
  99  13:02  Roach x3  
  105  13:07  Overlord  
  97  13:20  Ravager x3  
  92  13:35  Roach x3  
  98  13:46  Roach  
  83  13:57  Roach x2  
  63  14:03  Zergling x20  

Tags
 
Add a new tag
Caveats
  • Supply blocks, unpowered buildings, or Contaminate may cause inaccurate times.
  • Supply counts are checked every 10 seconds.